 Seeded DCSS version 0.29.1-12-g30fa7ad0bf (webtiles) character file.

Game seed: 9845822215292249863 (custom seed)

34 OTABOTABOTAB the Conjurer (level 3, 26/26 HPs)
             Began as a Draconian Conjurer on Jan 10, 2023.
             Quit the game on level 1 of the Dungeon.
             The game lasted 00:01:50 (981 turns).

OTABOTABOTAB the Conjurer (Draconian Conjurer)       Turns: 981, Time: 00:01:50

Health: 26/26      AC:  5    Str:  9    XL:     3   Next: 14%
Magic:  7/7        EV: 12    Int: 20    God:
Gold:   3356       SH:  0    Dex:  9    Spells: 5/8 levels left

rFire   . . .      SeeInvis .   a - staff of conjuration
rCold   . . .      Faith    .   (no shield)
rNeg    . . .      Spirit   .   (body armour unavailable)
rPois   .          Reflect  .   (helmet restricted)
rElec   .          Harm     .   (no cloak)
rCorr   .          Rampage  .   (no gloves)
Will    +....                   (no boots)
Stlth   ++........              b - amulet of the acrobat
HPRegen 0.08/turn               W - ring of willpower
MPRegen 0.10/turn               (no ring)

@: no status effects
A: AC +5, unfitting armour, cold-blooded
a: no special abilities


You were on level 1 of the Dungeon.
You visited 1 branch of the dungeon, and saw 1 of its levels.

You collected 3356 gold pieces.

Inventory:

Missiles
 g - 5 poisoned darts
 s - 12 stones
Magical Staves
 a - a staff of conjuration (weapon)
   (You found it on level 1 of the Dungeon)
Jewellery
 b - an amulet of the acrobat (around neck)
   (You found it on level 1 of the Dungeon)
 W - a ring of willpower (left hand)
   (You found it on level 1 of the Dungeon)
Scrolls
 c - a scroll of identify {unknown}
 d - a scroll of amnesia {unknown}
 e - a scroll of teleportation {unknown}
Potions
 f - a potion of curing {unknown}
 h - a potion of heal wounds {unknown}
 M - 2 potions of magic


   Skills:
 - Level 1.7 Dodging
 - Level 1.7 Stealth
 * Level 3.0 Spellcasting
 + Level 4.3 Conjurations


You had 5 spell levels left.
You knew the following spells:

 Your Spells              Type           Power      Damage    Failure   Level
a - Magic Dart            Conj           100%       1d8       2%          1
b - Searing Ray           Conj           60%        2d6       3%          2

Your spell library contained the following spells:

 Spells                   Type           Power      Damage    Failure   Level
 Dazzling Flash           Conj/Hex       34%        N/A       17%         3
 Fulminant Prism          Conj/Hex       8%         3d7       50%         4
 Iskenderun's Mystic Bla  Conj/Tloc      17%        2d5       50%         4


Dungeon Overview and Level Annotations

Branches:
Dungeon (1/15)

Altars:


Innate Abilities, Weirdness & Mutations

Your plain brown scales are hard. (AC +5)
You cannot fit into any form of body armour.
You are cold-blooded and may be slowed by cold attacks.


Message History

A bat is nearby!
Aim: a bat (severely wounded, 100% to hit)
You feel a surge of power!
The magic dart hits the bat but does no damage.
The bat hits you. The bat misses you.
You take 1 damage, and have 19/20 hp.
You now have 2/5 mp.
A bat is nearby!
You hit the bat but do no damage.
You tail-slap the bat, but do no damage.
The bat closely misses you.
You hit the bat.
You kill the bat!
A bat comes into view.
Health restored: 20; MP restored: 5 You feel a surge of power!
You miscast Magic Dart.
You are very lightly contaminated with residual magic.
Nothing appears to happen.
You now have 4/5 mp.
You feel a surge of power!
The magic dart hits the bat.
The bat hits you but does no damage.
You now have 3/5 mp.
You closely miss the bat. The bat barely misses you.
The bat closely misses you. The bat barely misses you.
You hit the bat.
You kill the bat!
No target in view!
Your magical contamination has completely faded away.
Found a stone staircase leading down.
MP restored: 5 No target in view!
You now have 2263 gold pieces (gained 8).
A goblin comes into view. It is wielding a +0 dagger.
You feel a surge of power!
The magic dart hits the goblin.
You now have 4/5 mp.
You feel a surge of power!
The magic dart hits the goblin.
You kill the goblin!
You now have 3/5 mp.
No target in view!
No target in view!
A bat and a gnoll come into view.
MP restored: 5 You hit the bat.
You blast the bat.
You kill the bat!
The gnoll shouts!
No target in view!
Aim: a gnoll, wielding a +0 club (82% to hit)
You feel a surge of power!
The searing ray hits the gnoll. (Press . to maintain the ray.)
You now have 3/5 mp.
The searing ray hits the gnoll.
You now have 2/5 mp.
The searing ray hits the gnoll!
You kill the gnoll!
Your Spellcasting skill increases to level 3!
You have reached level 3!
Your experience leads to an increase in your attributes!
Increase (s)trength, (i)ntelligence, or (d)exterity?
You feel clever. x2; Your scales feel tougher.
Health restored: 26 You now have 1/7 mp.
You see here a +0 club.
A bat comes into view.
MP restored: 7 A bat is nearby!
You feel a surge of power!
The magic dart hits the bat.
You now have 6/7 mp.
You closely miss the bat.
Your tail-slap misses the bat.
The bat barely misses you.
You feel a surge of power!
The magic dart hits the bat.
You kill the bat!
You now have 5/7 mp.
No target in view!
You now have 2274 gold pieces (gained 11).
You see here a bat corpse.
h - a metallic pink potion MP restored: 7 An endoplasm comes into view.
An endoplasm is nearby!
You feel a surge of power!
The magic dart hits the endoplasm.
The endoplasm quivers.
You now have 6/7 mp.
You feel a surge of power!
The magic dart hits the endoplasm.
You kill the endoplasm!
You now have 5/7 mp.
No target in view!
No target in view!
Found a stone staircase leading down.
MP restored: 7 No target in view!
i - a scroll of acquirement Something appears at your feet!
You now have 3356 gold pieces (gained 1082).
You have 3356 gold pieces.
Unknown command.
Unknown command.
Saving game... please wait.
Bad channel name for runrest: 'Jiyva says: Divide and consume' Welcome back, OTABOTABOTAB the Draconian Conjurer.
Game seed: 9845822215292249863 (custom seed)

#...+
#..#........#.....#
#..##
#..#..####..#.#..##
....+
#..#..........#..#
#.###
#.######..##..# #.#
#.##..........# #.#
#.##.###.###..#
#+##
#.##.###.####.####
†..#
##.................
...#
#.@.##.###......###
...# #..####.#
#......# # ...#
#..# #.# #......# #
...# .... ..#
#......# # #.##
##.. ### #.....####
#.# #>. #.....+...
#.####### #.
#.....####
#.......# #. #.....
# ........# #


There were no monsters in sight!

Vanquished Creatures
  A gnoll (D:1)
  2 dart slugs (D:1)
  2 ball pythons (D:1)
  5 bats (D:1)
  2 endoplasms (D:1)
  A giant cockroach (D:1)
  2 goblins (D:1)
  A kobold (D:1)
  A quokka (D:1)
  A frilled lizard (D:1)
  A rat (D:1)
19 creatures vanquished.

Notes
Turn   | Place    | Note
-------+----------+-------------------------------------------
     0 | D:1      | OTABOTABOTAB the Draconian Conjurer began the quest for the
                  | Orb.
     0 | D:1      | Reached XP level 1. HP: 14/14 MP: 3/3
   352 | D:1      | Reached XP level 2. HP: 20/20 MP: 3/5
   449 | D:1      | Learned a level 2 spell: Searing Ray
   449 | D:1      | Identified 2 scrolls of acquirement
   449 | D:1      | Acquired 1147 gold pieces
   451 | D:1      | Acquired 1096 gold pieces
   809 | D:1      | Reached skill level 3 in Spellcasting
   809 | D:1      | Reached XP level 3. HP: 26/26 MP: 1/7
   979 | D:1      | Acquired 1082 gold pieces
   981 | D:1      | Quit the game

Illustrated notes

Levels and vault maps discovered:
D:1:      giann_bridges, layout_basic

Skill      XL: |  1  2 |
---------------+-------+-----
Spellcasting   | 3 |  3.0
Dodging        | |  1.7
Stealth        | |  1.7
Conjurations   | |  4.3

Action                   || total
-------------------------++-------
Melee: Tailslap          ||     3
       Short sword       ||     1
       Staff             ||     8
 Cast: Magic Dart        ||    32
       Searing Ray       ||     1
  Use: Scroll            ||     3
Armor: Skin              ||     3
Dodge: Dodged            ||     8

Table legend: (Time is in decaauts)
 A = Elapsed time spent in this place.
 B = Non-inter-level travel time spent in this place.
 C = Inter-level travel time spent in this place.
 D = Time resting spent in this place.
 E = Time spent auto-exploring this place.
 F = Levels seen in this place.
 G = Mean time per level.
                   A        B        C        D        E       F      G
               +--------+--------+--------+--------+--------+-----+--------+
         Total |    980 |    980 |      0 |    100 |    772 |   1 |  980.0 |
       Dungeon |    980 |    980 |      0 |    100 |    772 |   1 |  980.0 |
               +--------+--------+--------+--------+--------+-----+--------+

Top non-repeatable levels by time:
     D:1: 980 daAuts

Table legend:
 A = Kills in this place as a percentage of kills in entire the game.
 B = Kills by you in this place as a percentage of kills by you in the entire game.
 C = Kills by friends in this place as a percentage of kills by friends in the entire game.
 D = Other kills in this place as a percentage of other kills in the entire game.
 E = Experience gained in this place as a percentage of experience gained in the entire game.
 F = Experience gained in this place divided by the number of levels of this place that you have seen.
                   A       B       C       D       E      F
               +-------+-------+-------+-------+-------+----------------------
         Total | 100.0 | 100.0 |   N/A |   N/A | 100.0 |  49.0
       Dungeon | 100.0 | 100.0 |   N/A |   N/A | 100.0 |  49.0
               +-------+-------+-------+-------+-------+----------------------
